 Dungeon Crawl Stone Soup version 0.26-a0-651-gb41185065b (webtiles) character file.

Game seed: 508563501321627877

373 loralnil the Sneak (level 6, -2/42 HPs)
             Began as a Vine Stalker Enchanter on Oct 9, 2020.
             Killed by divine providence
             ... invoked by an orc priest
              (10 damage)
             ... on level 4 of the Dungeon.
             The game lasted 00:06:23 (3543 turns).

loralnil the Sneak (Vine Stalker Enchanter)         Turns: 3543, Time: 00:06:24

Health: -2/42      AC: 23    Str: 17    XL:     6   Next: 71%
Magic:  0/12       EV:  2    Int: 16    God:
Gold:   141        SH:  0    Dex: 15    Spells: 3/12 levels left

rFire    . . .     SeeInvis .   a - +1 dagger
rCold    . . .     Faith    .   (no shield)
rNeg     + + +     Spirit   +   (armour currently unavailable)
rPois    +         Reflect  .   (helmet currently unavailable)
rElec    .         Harm     .   (cloak currently unavailable)
rCorr    .         Rampage  .   (gloves currently unavailable)
MR       .....     NoTele   +   (boots currently unavailable)
Stlth    +++.......             (no amulet)
HPRegen  0.54/turn              f - +6 ring of strength
MPRegen  0.13/turn              (no ring)

@: tree-form, hasted, very quick
A: regeneration 1, magic shield, no potion heal 3, rot immunity
a: no special abilities


You were on level 4 of the Dungeon.
You were a tree.
You visited 1 branch of the dungeon, and saw 4 of its levels.

You collected 141 gold pieces.

Inventory:

Hand Weapons
 a - a +1 dagger (weapon)
Armour
 b - a +0 robe (melded)
 g - a +0 pair of gloves (melded)
Jewellery
 f - a +6 ring of strength (left branch)
 j - an uncursed ring of fire
Wands
 s - a wand of enslavement (9)
Scrolls
 c - 2 scrolls of remove curse {unknown}
 k - 4 scrolls of teleportation
 l - 2 scrolls of enchant weapon {unknown}
 m - a scroll of enchant armour {unknown}
 r - 2 scrolls of fear
Potions
 e - a potion of might {unknown}
 h - a potion of flight {unknown}
 i - a potion of heal wounds {unknown}
 n - a potion of invisibility {unknown}
 o - a potion of lignification
 p - a potion of stabbing {unknown}
 q - 2 potions of cancellation {unknown}


   Skills:
 + Level 2.7 Short Blades
 + Level 2.8 Dodging
 + Level 5.3 Stealth
 + Level 3.6 Spellcasting
 + Level 4.2 Hexes


You had 3 spell levels left.
You knew the following spells:

 Your Spells              Type           Power        Failure   Level
a - Corona                Hex            ###....      3%          1
b - Ensorcelled Hibernat  Hex/Ice        #.....       11%         2
c - Confusing Touch       Hex            ###.....     10%         3
d - Tukima's Dance        Hex            ###.....     10%         3

Your spell library contained the following spells:

 Spells                   Type           Power        Failure   Level
 Dazzling Flash           Conj/Hex       #.....       22%         3
 Gell's Gravitas          Tloc           #.........   47%         3
 Petrify                  Tmut/Erth      #.......     87%         4
 Metabolic Englaciation   Hex/Ice        #.........   90%         5
 Yara's Violent Unravell  Hex/Tmut       #.........   90%         5


Dungeon Overview and Level Annotations

Branches:
Dungeon (4/15)
 Temple: D:4-7

Altars:
Fedhas


Innate Abilities, Weirdness & Mutations

((You have extremely sharp teeth.))
Your natural rate of healing is unusually fast.
When hurt, damage is shared between your health and your magic reserves.
((Your bite disrupts and absorbs the magic of your enemies.))
Potions cannot restore your health.
You are immune to rotting.


Message History

Your +0 robe melds into your body.
Your roots penetrate the ground.
Casting: Ensorcelled Hibernation (safe; 11% risk of failure)
Confirm with . or Enter, or press ? or * to list all spells.
Aiming: Ensorcelled Hibernation (safe; 11% risk of failure)
Press: ? - help, Shift-Dir - straight line, f/p - orc priest
Aim: an orc priest, wielding a +1 dagger of protection and wearing a +0 chain mail (heavily wounded, chance to defeat MR: 40%)
The orc priest resists with some effort.
You hit the orc priest but do no damage.
The orc priest is heavily wounded.
The orc priest hits you but does no damage.
You hit the orc priest but do no damage.
The orc priest is heavily wounded.
The orc wizard hits you but does no damage.
You hit the orc priest but do no damage.
The orc priest is heavily wounded.
You hit the orc priest but do no damage.
The orc priest is heavily wounded.
The orc priest invokes the aid of Beogh against you.
Beogh smites you!
You die...

#.#.#.......#
#.#.#.).....#
#.#.#[......#
#.#(#.......#
#...#.......######
##..#.......#....#
#..#.......#....#
#..#.......#....#
##..#.......#..o♣# ####
....#.......###o##.....
....###'##### #..'.....
..#.###.#######.##..o..
..#.............# .o..
..##.#......##### ...
####.#......# .o
#........# .
##.#'#######


You could see an orc priest and an orc wizard.

Vanquished Creatures
  An ogre (D:4)
  A hound (D:4)
  2 orc wizards (D:3)
  A bullfrog skeleton (D:2)
  A hound skeleton (D:4)
  7 adders
  A river rat (D:3)
  A worm (D:3)
  A dart slug (D:1)
  2 leopard geckos (D:3)
  3 orcs
  2 bats
  4 giant cockroaches
  7 goblins
  9 hobgoblins
  14 jackals
  4 frilled lizards
  10 kobolds
  12 rats
83 creatures vanquished.

Vanquished Creatures (others)
  An adder (D:4)
  A leopard gecko (D:4)
  A ball python (D:4)
3 creatures vanquished.

Grand Total: 86 creatures vanquished

Notes
Turn   | Place    | Note
-------+----------+-------------------------------------------
     0 | D:1      | loralnil the Vine Stalker Enchanter began the quest for the
                  | Orb.
     0 | D:1      | Reached XP level 1. HP: 9/9 MP: 4/4
   207 | D:1      | Reached skill level 1 in Short Blades
   411 | D:1      | Reached XP level 2. HP: 13/13 MP: 4/6
   416 | D:1      | Learned a level 2 spell: Ensorcelled Hibernation
  1049 | D:2      | Reached skill level 4 in Stealth
  1049 | D:2      | Reached XP level 3. HP: 10/16 MP: 0/7
  1454 | D:2      | Gained mutation: Your natural rate of healing is unusually
                  | fast. [Vine Stalker growth]
  1454 | D:2      | Reached XP level 4. HP: 10/21 MP: 6/9
  1459 | D:2      | Learned a level 3 spell: Confusing Touch
  1723 | D:2      | You fall into a shaft and drop 2 floors!
  1940 | D:3      | Reached XP level 5. HP: 24/24 MP: 10/10
  1947 | D:3      | Found a faded altar of an unknown god.
  3095 | D:2      | Reached XP level 6. HP: 28/28 MP: 11/11
  3109 | D:2      | Learned a level 3 spell: Tukima's Dance
  3111 | D:2      | Found a blossoming altar of Fedhas.
  3155 | D:2      | Reached skill level 5 in Stealth
  3543 | D:4      | Killed from afar by an orc priest

Illustrated notes

Levels and vault maps discovered:
D:1:      mrwooster_arrival_arrow, layout_loops_cross
D:2:      layout_basic, fedhas_altar_2
D:3:      layout_basic, gup_sewer_entry_bubbles,
          chequers_ecumenical_altar_island
D:4:      layout_basic, xom_confusion_cloud

Skill      XL: |  1  2  3  4  5  6 |
---------------+-------------------+-----
Short Blades   | 1 2 |  2.7
Stealth        | 4 5 |  5.3
Dodging        | 2 |  2.8
Spellcasting   | 3 |  3.6
Hexes          | 4 |  4.2

Action                   |  1- 3 |  4- 6 || total
-------------------------+-------+-------++-------
Melee: Dagger            |   101 |   157 ||   258
       Bite              |    26 |    28 ||    54
 Cast: Corona            |     1 |       ||     1
       Ensorcelled Hiber |     7 |    14 ||    21
  Use: Scroll            |     5 |       ||     5
       Potion            |       |     2 ||     2
 Stab: Sleeping          |     9 |    19 ||    28
       Distracted        |     2 |       ||     2
Armor: Robe              |    21 |    24 ||    45
       Skin              |       |     2 ||     2
Dodge: Dodged            |    59 |   107 ||   166

Table legend: (Time is in decaauts)
 A = Elapsed time spent in this place.
 B = Non-inter-level travel time spent in this place.
 C = Inter-level travel time spent in this place.
 D = Time resting spent in this place.
 E = Time spent auto-exploring this place.
 F = Levels seen in this place.
 G = Mean time per level.
                   A        B        C        D        E       F      G
               +--------+--------+--------+--------+--------+-----+--------+
         Total |   3558 |   3367 |    191 |     28 |   2589 |   4 |  889.5 |
       Dungeon |   3558 |   3367 |    191 |     28 |   2589 |   4 |  889.5 |
               +--------+--------+--------+--------+--------+-----+--------+

Top non-repeatable levels by time:
     D:3: 1201 daAuts
     D:2: 1072 daAuts
     D:1: 1026 daAuts
     D:4: 258 daAuts
